 Dungeon Crawl Stone Soup version 0.31.0-9-g3a7656b989 (webtiles) character file.

Game seed: 14581229777330945702

31 qw the Shooter (level 3, -5/20 HPs)
             Began as a Deep Elf Hunter on Feb 2, 2024.
             Slain by a gnoll
             ... wielding a +0 flail
              (6 damage)
             ... on level 2 of the Dungeon.
             The game lasted 00:00:03 (972 turns).

qw the Shooter (Deep Elf Hunter)                     Turns: 972, Time: 00:00:04

Health: -5/20      AC:  6    Str: 10    XL:     3   Next: 7%
Magic:  5/5        EV: 11    Int: 13    God:
Gold:   40         SH:  0    Dex: 18    Spells: 2/2 levels left

rFire   . . .        a - +0 shortbow
rCold   . . .        (shield currently unavailable)
rNeg    . . .        d - +0 ring mail
rPois   .            i - +0 helmet
rElec   .            (no cloak)
rCorr   .            (no gloves)
SInv    .            (no boots)
Will    .....        (no amulet)
Stlth   +            (no ring)
HPRegen 0.23/turn    (no ring)
MPRegen 0.09/turn

%: no passive effects
@: no status effects
A: no striking features
a: no special abilities


You were on level 2 of the Dungeon.
You visited 1 branch of the dungeon, and saw 2 of its levels.

You collected 40 gold pieces.


   Skills:
 - Level 1.5 Fighting
 + Level 6.7 Ranged Weapons
 - Level 2.4 Dodging
 - Level 1.2 Stealth


You had 2 spell levels left.
You didn't know any spells.
Your spell library was empty.

Inventory:

Hand Weapons
 a - a +0 shortbow (weapon)
Armour
 d - a +0 ring mail (worn)
 i - a +0 helmet (worn)
Scrolls
 b - 2 scrolls of silence {unknown}
Potions
 f - a potion of heal wounds
 j - a potion of might {unknown}

Dungeon Overview and Level Annotations

Branches:
Dungeon (2/15)

Altars:


Message History

The gnoll shouts!
The arrow hits the gnoll!
The gnoll is severely wounded.
You hear a shout!
The gnoll throws a throwing net.
The throwing net barely misses you.
A gnoll comes into view. It is wielding a +0 flail.
Enter note: You shoot an arrow.
The arrow barely misses the gnoll.
The arrow hits the gnoll!
The gnoll is severely wounded.
You shoot an arrow. The arrow hits the gnoll.
The gnoll is severely wounded.
The gnoll throws a throwing net.
The throwing net barely misses you.
Enter note:
964 ||| RETREEEEATING.
Enter note:
965 ||| RETREEEEATING.
There is an open door here.
Enter note:
966 ||| RETREEEEATING.
You shoot an arrow. The arrow hits the gnoll.
The gnoll is lightly wounded.
The gnoll hits you with a +0 spear.
There is an open door, spattered with blood here.
You shoot an arrow. The arrow barely misses the gnoll. x2
The gnoll closely misses you. The gnoll hits you with a +0 flail.
You shoot an arrow. The arrow barely misses the gnoll.
The arrow hits the gnoll.
You kill the gnoll!
The gnoll barely misses you. The gnoll hits you with a +0 flail.
You have reached level 3!
Your experience leads to an increase in your attributes!
Increase (S)trength, (I)ntelligence, or (D)exterity?
You feel stronger. x2
You shoot an arrow. The arrow hits the gnoll.
The gnoll is almost dead.
The gnoll completely misses you. The gnoll hits you with a +0 flail.
The gnoll barely misses you.
You shoot an arrow. The arrow barely misses the gnoll.
The gnoll hits you with a +0 flail. The gnoll closely misses you.
The gnoll hits you with a +0 flail.
You die...

#........###...###.###
#........##..#.# #.
###########..#.# ##
#... ##...#.. +...
#....#... ....
#....##... ...# #....#
.... #..##.%..#
###..##@#.#
#....(gg#.#
#.....>)+.#
#.......### #...?...#
#.......# .........#
......=...#
..........#


You could see 2 gnolls.

Vanquished Creatures
  A gnoll (D:2)
  A dart slug (D:1)
  2 ball pythons (D:1)
  2 endoplasms
  2 giant cockroaches (D:1)
  3 jackals (D:1)
  3 bats (D:1)
  3 frilled lizards
  2 kobolds
  A rat (D:1)
20 creatures vanquished.

Notes
Turn   | Place    | Note
-------+----------+-------------------------------------------
     0 | D:1      | qw the Deep Elf Hunter began the quest for the Orb.
     0 | D:1      | Reached XP level 1. HP: 12/12 MP: 3/3
     0 | D:1      | 0 ||| qw: Version: 0.3-a-155-g5e7d8dd
     0 | D:1      | 0 ||| qw: Game counter: 1767
     0 | D:1      | 0 ||| qw: Melee chars always use a shield: true
     0 | D:1      | 0 ||| qw: God list: Okawaru
     0 | D:1      | 0 ||| qw: Allow faded altars: false
     0 | D:1      | 0 ||| qw: Do Orc after clearing Dungeon:15 true
     0 | D:1      | 0 ||| qw: Do second Lair branch before Depths: true
     0 | D:1      | 0 ||| qw: Lair rune preference: random
     0 | D:1      | 0 ||| qw: Goals: Normal
     0 | D:1      | 0 ||| PLANNING D:1-11
   279 | D:1      | Reached XP level 2. HP: 9/16 MP: 4/4
   329 | D:1      | Reached skill level 6 in Ranged Weapons
   855 | D:1      | 855 ||| UPGRADING to +0 ring mail.
   865 | D:1      | 865 ||| DROPPING +0 leather armour.
   866 | D:1      | 866 ||| UPGRADING to +0 helmet.
   871 | D:1      | 871 ||| READING scroll labelled XISORE OFAT.
   871 | D:1      | 871 ||| IDENTIFYING inky potion
   872 | D:1      | 872 ||| READING scroll labelled XOUT FAATWAG.
   873 | D:1      | 873 ||| READING scroll labelled NIN ONTOLEHAASH.
   877 | D:1      | 877 ||| DROPPING scroll of butterflies.
   964 | D:2      | 964 ||| RETREEEEATING.
   965 | D:2      | 965 ||| RETREEEEATING.
   966 | D:2      | 966 ||| RETREEEEATING.
   971 | D:2      | Reached XP level 3. HP: 10/20 MP: 5/5
   972 | D:2      | HP: 1/20 [gnoll/+0 flail (6)]
   972 | D:2      | Slain by a gnoll

Levels and vault maps discovered:
D:1:      nicolae_arrival_somewhat_less_tricky_arrival, layout_basic,
          supply_closet_lemuel
D:2:      layout_basic

Skill      XL: |  1  2 |
---------------+-------+-----
Ranged Weapons | 6 |  6.7
Fighting       | |  1.5
Dodging        | |  2.4
Stealth        | |  1.2

Action                     || total
---------------------------++-------
   Fire: Shortbow          ||    63
    Use: Scroll            ||     3
 Armour: Leather armour    ||    12
         Ring mail         ||     6
  Dodge: Dodged            ||    23

Table legend:
 A = Non-vault XP
 B = Vault XP
 C = Vault XP percentage of total XP
 D = Non-vault monster count
 E = Vault monster count
 F = Vault count percentage of total count
                 A         B        C        D         E       F
            +---------+---------+-------+---------+---------+-------
      Total |      45 |       0 |   0.0 |      20 |       0 |   0.0
            +---------+---------+-------+---------+---------+-------
        D:1 |      27 |       0 |   0.0 |      16 |       0 |   0.0
        D:2 |      18 |       0 |   0.0 |       4 |       0 |   0.0
            +---------+---------+-------+---------+---------+-------
